 Dungeon Crawl Stone Soup version 0.22.1-1-ga44c0e56f4 (webtiles) character file.

32 LLavrengius the Sneak (level 3, 16/16 HPs)
             Began as a Spriggan Enchanter on Oct 18, 2018.
             Was a Follower of Cheibriados.
             Quit the game on level 2 of the Dungeon.
             The game lasted 00:03:31 (1370 turns).

LLavrengius the Sneak (Spriggan Enchanter)          Turns: 1370, Time: 00:03:32

Health: 16/16      AC:  2    Str:  7    XL:     3   Next: 8%
Magic:  8/8        EV: 18    Int: 18    God:    Cheibriados [*.....]
Gold:   22         SH:  0    Dex: 18    Spells: 4/7 levels left

rFire    . . .     SeeInvis +   l - +0 short sword (venom)
rCold    . . .     Gourm    .   (shield restricted)
rNeg     . . .     Faith    .   b - +0 robe
rPois    .         Spirit   .   (helmet restricted)
rElec    .         Reflect  .   (no cloak)
rCorr    .         Harm     .   (gloves unavailable)
MR       .....                  (boots unavailable)
Stlth    +++.......             (no amulet)
HPRegen  0.05/turn              (no ring)
MPRegen  0.11/turn              (no ring)

@: no status effects
A: very small, unfitting armour, see invisible, herbivore, speed 3, slow
metabolism 2
a: Bend Time, Renounce Religion


You were on level 2 of the Dungeon.
You worshipped Cheibriados.
Cheibriados was aware of your devotion.
You were not hungry.

You visited 1 branch of the dungeon, and saw 2 of its levels.

You collected 22 gold pieces.

Inventory:

Hand Weapons
 a - a +1 dagger
 h - a +1 hunting sling of flaming
 l - a +0 short sword of venom (weapon)
Missiles
 c - 140 stones (quivered)
 e - 6 tomahawks
 i - 22 sling bullets
Armour
 b - a +0 robe (worn)
Scrolls
 f - a scroll of random uselessness {unknown}
 g - a scroll of remove curse {unknown}
 j - a scroll of blinking {unknown}
Potions
 k - a potion of berserk rage {unknown}
Comestibles
 d - 3 rations


   Skills:
 + Level 1.8 Short Blades
 - Level 3.0 Dodging
 + Level 5.0 Stealth
 - Level 2.6 Spellcasting
 * Level 4.4 Hexes


You had 4 spell levels left.
You knew the following spells:

 Your Spells              Type           Power        Failure   Level  Hunger
a - Corona                Hex            ###....      2%          1    #......
b - Ensorcelled Hibernat  Hex/Ice        ##....       11%         2    ##.....

Your spell library contained the following spells:

 Spells                   Type           Power        Failure   Level  Hunger
 Confuse                  Hex            ###.....     9%          3    ###....
 Tukima's Dance           Hex            ###.....     9%          3    ###....
 Dazzling Spray           Conj/Hex       ##....       21%         3    ###....


Dungeon Overview and Level Annotations

Branches:
Dungeon (2/15)

Altars:
Cheibriados


Innate Abilities, Weirdness & Mutations

You are very small and have problems with some larger weapons.
You are too small for most types of armour.
You have supernaturally acute eyesight. (SInv)
You are a herbivore.
You cover ground extremely quickly.
You need to consume almost no food.


Message History

Found a dagger.
A goblin comes into view. It is wielding a club.
The helpless goblin fails to defend itself.
You impale the goblin!!
You kill the goblin!
Things that are here:
a club; a goblin corpse
Found a stone staircase leading down.
There is a stone staircase leading down here.
Found a faded altar of an unknown god.
There is a faded altar of an unknown god here.
You cannot tell which god this altar belongs to.
Convert to them anyway?
Cheibriados accepts your prayer! Cheibriados welcomes you!
Cheibriados begins to support your attributes as your movement slows.
You can now bend time to slow others.
Cheibriados slows and strengthens your metabolism.
Cheibriados raises the support of your attributes as your movement slows.
Okay, then.
Are you sure you want to abandon this character and quit the game? (Confirm

## ##.# ##@#
.# # #.##
.#.#
##.####.#.
##.##...
#.###..# #.#
#..# #.###..#
#......#
#####..######


There were no monsters in sight!

Vanquished Creatures
  An ooze (D:1)
  A dart slug (D:1)
  A leopard gecko (D:1)
  2 bats (D:1)
  2 giant cockroaches (D:1)
  5 goblins
  3 hobgoblins
  3 frilled lizards (D:1)
  4 kobolds (D:1)
22 creatures vanquished.

Notes
Turn   | Place    | Note
-------+----------+-------------------------------------------
     0 | D:1      | LLavrengius the Spriggan Enchanter began the quest for the
                  | Orb.
     0 | D:1      | Reached XP level 1. HP: 9/9 MP: 5/5
   259 | D:1      | Reached XP level 2. HP: 12/13 MP: 6/6
   263 | D:1      | Learned a level 2 spell: Ensorcelled Hibernation
  1026 | D:1      | Reached skill level 5 in Stealth
  1108 | D:1      | Reached XP level 3. HP: 6/16 MP: 8/8
  1367 | D:2      | Found a faded altar of an unknown god.
  1369 | D:2      | Became a worshipper of Cheibriados the Contemplative
  1369 | D:2      | Reached * piety under Cheibriados
  1370 | D:2      | Quit the game

Skill      XL: |  1  2 |
---------------+-------+-----
Hexes          | 4 |  4.4
Stealth        | 5 |  5.0
Short Blades   | |  1.8
Dodging        | |  3.0
Spellcasting   | |  2.6

Action                   || total
-------------------------++-------
Melee: Dagger            ||    54
       Short sword       ||    10
 Cast: Ensorcelled Hiber ||     7
 Stab: Sleeping          ||     8
Armor: Robe              ||     5
Dodge: Dodged            ||    46
